Unix NetHack Version 3.7.0-71 Work-in-progress - last build Jan 31 2023 02:41:03 (7ba98a1283f2b7cec35fde026edb48fc825ab8ae,branch:master). Game began 2023-02-13 16:56:03, ended 2023-02-13 17:01:12. McPanther, chaotic male elven Wizard ---- |..-- ---...|---- -.....--..-- -.[.....| -- |<.....-- --- .| --.--..| |.--.| -----.-----....| -- |...||.....| ..d |.|.---....--- ...-- |*|...)*.....---- .a....| |.|---....)...%@a..G...- -.- |......------------- . --....-- . |....| --- --...| ----- McPanther the Conjurer St:10 Dx:14 Co:13 In:18 Wi:9 Ch:12 Chaotic S:580 Dlvl:5 $:8 HP:0(22) Pw:22(43) AC:5 Xp:4/93 T:839 Satiated Burdened Latest messages: x - a dart (at the ready) (12 in total). The gnome wields a thonged club! The thonged club welds itself to the gnome's hand! The gnome swings her thonged club. The gnome hits! In what direction? The spell hits the gnome! You kill the gnome! There is a food ration here; eat it? [ynq] (n) This satiates your stomach! You finish eating the food ration. A trap door in the ceiling opens and a rock falls on your head! Fortunately, you are wearing a hard helmet. You see here a lock pick. D - a lock pick. The dwarf throws a dagger! A dagger misses you. # What do you want to adjust? [a-eg-ik-zB-D or ?*] Adjust letter to what [fjAD-Z] (? see used letters)? Swapping: y - a lock pick. You see here a dagger. You have a little trouble lifting a dagger. Continue? [ynq] (q) In what direction? In what direction? The gnome lord picks up 2 darts. The gnome lord hits! In what direction? The spell hits the gnome lord! You kill the gnome lord! The spell hits the gnome! You kill the gnome! Welcome to experience level 4. You feel awake! x - 2 darts (at the ready) (12 in total). You see here a gnome lord corpse. You miss the dwarf. The dwarf just misses! In what direction? The spell hits the dwarf! You kill the dwarf! You see here a gnome lord corpse. You have a little trouble lifting a parchment spellbook. Continue? [ynq] (q) You have a little trouble lifting E - a parchment spellbook. Your movements are slowed slightly because of your load. The giant ant bites! The giant ant bites! The giant ant bites! You die... Do you want your possessions identified? [ynq] (y) Inventory: Coins $ - 8 gold pieces Amulets t - an uncursed amulet of unchanging Weapons q - 8 +0 crossbow bolts D - a cursed +0 orcish bow x - 12 +0 darts (at the ready) B - a +0 dagger a - a blessed +1 quarterstaff (weapon in hands) Armor z - an uncursed +0 orcish helm (being worn) b - an uncursed +1 cloak of magic resistance (being worn) p - an uncursed +0 leather armor (being worn) Comestibles w - an uncursed tripe ration u - an uncursed lichen corpse Scrolls k - an uncursed scroll of confuse monster v - an uncursed scroll of create monster i - an uncursed scroll of remove curse Spellbooks E - a cursed spellbook of cancellation l - a blessed spellbook of force bolt r - a blessed spellbook of magic missile m - an uncursed spellbook of wizard lock Potions h - an uncursed potion of speed g - an uncursed potion of water s - an uncursed potion of water Rings e - an uncursed ring of conflict d - an uncursed ring of polymorph C - a cursed ring of teleportation Wands c - a wand of create monster (0:12) Tools o - an uncursed wooden harp y - an uncursed lock pick n - a magic marker (0:75) McPanther the Wizard's attributes: Background: You were a Conjurer, a level 4 male elven Wizard. You were chaotic, on a mission for Anhur who was opposed by Ptah (lawful) and Thoth (neutral). You were in the Gnomish Mines, on level 5. You entered the dungeon 839 turns ago. You had 93 experience points, 67 more were needed to attain level 5. Your score was 580 before end-of-game adjustments. Basics: You had 0 out of 22 hit points. You had 22 out of 43 energy points (spell power). Your armor class was 5. Your wallet contained 8 zorkmids. Autopickup was on for '$"?!=/' plus thrown, with exceptions. Final Characteristics: Your strength was 10 (limit:18). Your dexterity was 14 (limit:18). Your constitution was 13 (limit:16). Your intelligence was 18 (limit:20). Your wisdom was 9 (limit:20). Your charisma was 12 (limit:18). Final Status: You were satiated. You were burdened; movement was slightly slowed. You were wielding a quarterstaff. You had basic skill with quarterstaff. Final Attributes: You were devoutly aligned. You were magic-protected. You were sleep resistant. You had infravision. You were warded. You are dead. Miscellaneous: You never encountered a bones level. Total elapsed playing time was 5 minutes and 8 seconds. Major events: Turn 1: McPanther the chaotic male elven Wizard entered the dungeon 761: entered the Gnomish Mines 764: attained the rank of Conjurer (level 3) 839: killed by a giant ant Vanquished creatures: a gnome leader a dwarf an iguana a hobbit 4 gnomes a jackal a kobold a goblin 2 grid bugs 3 lichens 2 kobold zombies a newt 19 creatures vanquished. No species were genocided or became extinct. Voluntary challenges: You were vegetarian. You were an atheist. You read items or engraved 1 time. You never engraved Elbereth. You never genocided any monsters. You never polymorphed an object. You never changed form. You used no wishes. Achievements: You entered the Gnomish Mines. You attained the rank of Conjurer. The Dungeons of Doom: levels 1 to 4 Level 1: A fountain. Level 2: Level 3: A sink. Level 4: A fountain. Stairs down to The Gnomish Mines. The Gnomish Mines: Level 5: <- You were here. Final resting place for you, killed by a giant ant. Game over: ---------- / \ / REST \ / IN \ / PEACE \ / \ | McPanther | | 8 Au | | killed by a | | giant ant | | | | | | 2023 | *| * * * | * _________)/\\_//(\/(/\)/\//\/|_)_______ Goodbye McPanther the Wizard... You died in The Gnomish Mines on dungeon level 5 with 580 points, and 8 pieces of gold, after 839 moves. You were level 4 with a maximum of 22 hit points when you died.